 Dungeon Crawl Stone Soup version 0.30-a0-920-g7493c07aab (webtiles) character file.

Game seed: 16162442202182184213

86 Dirian the Covered (level 4, -3/40 HPs)
             Began as a Minotaur Fighter on Mar 21, 2023.
             Was a Follower of Okawaru.
             Killed by divine providence
             ... invoked by an orc priest
              (13 damage)
             ... on level 2 of the Dungeon.
             The game lasted 00:05:26 (1568 turns).

Dirian the Covered (Minotaur Fighter)               Turns: 1568, Time: 00:05:27

Health: -3/40      AC:  7    Str: 21    XL:     4   Next: 26%
Magic:  3/3        EV:  9    Int:  5    God:    Okawaru [*.....]
Gold:   99         SH:  4    Dex: 11    Spells: 3/3 levels left

rFire   . . .      SeeInvis .    a - +0 long sword
rCold   . . .      Faith    .    c - +0 buckler
rNeg    . . .      Spirit   .    b - +0 scale mail
rPois   .          Reflect  .    (helmet restricted)
rElec   .          Rampage  .    (no cloak)
rCorr   .                        (no gloves)
Will    .....                    (no boots) Stlth
                                 (no amulet)
HPRegen 0.26/turn                (no ring)
MPRegen 0.08/turn                (no ring)

@: no status effects
A: horns 2, retaliatory headbutt
a: Renounce Religion, Heroism


You were on level 2 of the Dungeon.
You worshipped Okawaru.
Okawaru was aware of your devotion.
You visited 1 branch of the dungeon, and saw 2 of its levels.

You collected 99 gold pieces.

Inventory:

Hand Weapons
 a - a +0 long sword (weapon)
 m - a +0 flail
Armour
 b - a +0 scale mail (worn)
 c - a +0 buckler (worn)
Scrolls
 f - 3 scrolls of teleportation {unknown}
 g - a scroll of enchant weapon {unknown}
 i - a scroll of fog {unknown}
 j - 3 scrolls of vulnerability {unknown}
 k - a scroll of enchant armour {unknown}
Potions
 d - a potion of might
 e - 2 potions of ambrosia {unknown}
 h - 3 potions of attraction {unknown}
 l - 2 potions of curing {unknown}


   Skills:
 + Level 4.2 Fighting
 + Level 3.9 Long Blades
 + Level 4.3 Armour
 + Level 4.1 Shields


You had 3 spell levels left.
You didn't know any spells.
Your spell library contained the following spells:

 Spells                   Type           Power      Damage    Failure   Level
 Sandblast                Erth           0%         2d4       88%         1
 Passwall                 Tmut/Erth      0%         N/A       95%         2
 Stone Arrow              Conj/Erth      0%         3d7       99%         3


Dungeon Overview and Level Annotations

Branches:
Dungeon (2/15) Zot: 10400

Altars:
Okawaru

Annotations:
D:1 1 transporter


Innate Abilities, Weirdness & Mutations

You have a pair of horns on your head.
You reflexively headbutt those who attack you in melee.


Message History

The adder poisons you!
You barely miss the adder.
The adder is severely wounded.
You feel sick. The adder bites you but does no damage. The adder bites you.
You hit the adder but do no damage.
The adder is severely wounded.
You feel sick. The adder bites you. The adder bites you but does no damage.
You slash the adder!
You kill the adder!
Okawaru accepts your kill.
You feel sick. The orc barely misses you.
You barely miss the orc.
You feel sick.
The orc shouts!
You hear a shout!
The orc barely misses you. You furiously retaliate!
You headbutt the orc. You closely miss the orc.
The orc is almost dead.
You feel sick.
You are no longer poisoned.
The orc closely misses you. x2
You closely miss the orc. You headbutt the orc.
You kill the orc!
Okawaru accepts your kill.
You hit the orc.
The orc is heavily wounded.
The orc hits you with the +9 sword of Zonguldrok {reap}!
You block the orc's attack.
You barely miss the orc.
The orc is heavily wounded.
You block the orc's attack.
You closely miss the orc.
The orc is heavily wounded.
The orc hits you with the +9 sword of Zonguldrok {reap}.
* * * LOW HITPOINT WARNING * * *
You hit the orc.
You kill the orc!
Okawaru accepts your kill.
The orc priest shouts!
The orc priest mumbles some strange prayers to Beogh against you.
Beogh smites you!
You die...

#..#########..# ##.# #####
#.## .........# #.# #.#
.8...8...# ######'#########
..# .........#
#.......##...... ..#
.........# #.......##.#####
..# o........#
#.......#....... ..#
.8...8..## #(......#..#..#.
........#####.......#.....#.
########....@'.....>.........
..........####...........#...
...........# #...........#...
###..o.....# #...........#...
#........# #...............
#........# #######....##†##
..........# #....##.#
...........# #....##.##
..o........# #.........


You could see an orc priest.

Vanquished Creatures
  4 adders
  2 dart slugs
  3 orcs (D:2)
  5 ball pythons
  3 endoplasms (D:1)
  A goblin (D:2)
  6 hobgoblins
  3 jackals (D:2)
  4 quokkas
  3 bats
  2 frilled lizards
  A kobold (D:1)
  5 rats
42 creatures vanquished.

Notes
Turn   | Place    | Note
-------+----------+-------------------------------------------
     0 | D:1      | Dirian the Minotaur Fighter began the quest for the Orb.
     0 | D:1      | Reached XP level 1. HP: 19/19 MP: 0/0
   236 | D:1      | Reached XP level 2. HP: 27/27 MP: 1/1
   486 | D:1      | Found a faded altar of an unknown god.
   496 | D:1      | Prayed at the altar of an unknown god.
   496 | D:1      | Became a worshipper of Warmaster Okawaru
   496 | D:1      | Reached * piety under Okawaru
   736 | D:2      | Reached XP level 3. HP: 25/33 MP: 2/2
  1436 | D:2      | Reached XP level 4. HP: 40/40 MP: 3/3
  1568 | D:2      | Killed from afar by an orc priest

Illustrated notes

Levels and vault maps discovered:
D:1:      spicycebolla_arrival_risky_transporter, layout_loops_cross,
          shapermc_ecumenical_altar_starsandcircs
D:2:      cheibrodos_pilgrimage, layout_basic

Skill      XL: |  1  2 |
---------------+-------+-----
Armour         | 4 |  4.3
Fighting       | 4 |  4.2
Shields        | 4 |  4.1
Long Blades    | 3 |  3.9

Action                     |  1- 3 |  4- 6 || total
---------------------------+-------+-------++-------
  Melee: Long sword        |    94 |    15 ||   109
         Headbutt          |    12 |     2 ||    14
 Armour: Scale mail        |    47 |     7 ||    54
  Dodge: Dodged            |    53 |     6 ||    59
  Block: Buckler           |    29 |     2 ||    31

Table legend: (Time is in decaauts)
 A = Elapsed time spent in this place.
 B = Non-inter-level travel time spent in this place.
 C = Inter-level travel time spent in this place.
 D = Time resting spent in this place.
 E = Time spent auto-exploring this place.
 F = Levels seen in this place.
 G = Mean time per level.
                   A        B        C        D        E       F      G
               +--------+--------+--------+--------+--------+-----+--------+
         Total |   1598 |   1555 |     43 |     90 |    716 |   2 |  799.0 |
       Dungeon |   1598 |   1555 |     43 |     90 |    716 |   2 |  799.0 |
               +--------+--------+--------+--------+--------+-----+--------+

Top non-repeatable levels by time:
     D:1: 818 daAuts
     D:2: 779 daAuts
